 Dungeon Crawl Stone Soup version 0.18-a0-775-g4d9e04e (webtiles) character file.

4885 4thArraOfDagon the Cleaver (level 10, 0/94 HPs)
             Began as a Hill Orc Berserker on Dec 13, 2015.
             Was a Priest of Trog.
             Succumbed to Sonja's curare-tipped needle
             ... on level 10 of the Dungeon.
             The game lasted 00:10:16 (1630 turns).

4thArraOfDagon the Cleaver (Hill Orc Berserker)     Turns: 1630, Time: 00:10:16

Health: 0/94       AC: 14    Str: 22    XL:     10   Next: 50%
Magic:  10/10      EV:  7    Int:  9    God:    Trog [***...]
Gold:   209        SH:  0    Dex: 10    Spells: 0 memorised, 9 levels left

rFire  . . .     SeeInvis .     d - +0 war axe
rCold  . . .     Clarity  .     g - +0 plate armour
rNeg   . . .     SustAt   .     (no shield)
rPois  .         Gourm    .     (no helmet)
rElec  .         Spirit   .     (no cloak)
rCorr  .         Dismiss  .     (no gloves)
rMut   .         Stasis   .     (no boots)
MR     .....                    (no amulet)
Stlth  ..........               (no ring)
                                (no ring)

@: lethally poisoned (0 -> -64), exhausted, starving, slowed, very slow, not
resistant to hostile enchantments, extremely unstealthy
A: rugged brown scales 1, wild magic 1, no device heal 1
a: Berserk, Trog's Hand, Burn Spellbooks, Renounce Religion


You were on level 10 of the Dungeon.
You worshipped Trog.
Trog was most pleased with you.
You were starving.

You visited 1 branch of the dungeon, and saw 10 of its levels.

You collected 209 gold pieces.

Inventory:

Hand Weapons
 a - a +0 hand axe
 d - a +0 war axe (weapon)
Missiles
 i - 8 javelins (quivered)
 m - a throwing net
Armour
 g - a +0 plate armour (worn)
Jewellery
 h - an uncursed ring of wizardry
Wands
 b - a wand of paralysis (24)
 n - a wand of confusion (10)
 o - a wand of slowing (25)
 y - a wand of slowing (13)
Scrolls
 f - 2 scrolls of remove curse {unknown}
 l - a scroll of enchant weapon {unknown}
 t - 2 scrolls of random uselessness {unknown}
 u - a scroll of noise {unknown}
 x - a scroll of identify {unknown}
Potions
 e - a potion of degeneration {unknown}
 p - a potion of magic {unknown}
 r - a potion of poison {unknown}
 s - 2 potions of berserk rage {unknown}
 v - a potion of heal wounds {unknown}
 w - a potion of lignification {unknown}
Comestibles
 c - 2 bread rations
 j - 3 fruits
 k - 2 meat rations
 q - 10 chunks of flesh


   Skills:
 + Level 9.7 Fighting
 * Level 13.9 Axes
 + Level 8.5 Armour
 - Level 1.5 Dodging


You had 9 spell levels left.
You didn't know any spells.

Dungeon Overview and Level Annotations

Branches:
Dungeon (10/15)            Temple (0/1) D:6
   Lair: D:8-11         Orc: D:9-12

Altars:
Nemelex Xobeh
Zin

Annotations:
D:6 4thArraOfDagon's ghost, novice OgHu
D:10 Sonja


Innate Abilities, Weirdness & Mutations

You are partially covered in rugged brown scales (AC +1, +3% HP).
Your spells are a little harder to cast, but a little more powerful.
Potions and wands are less effective at restoring your health.


Message History

Sonja shoots a curare-tipped needle.
The curare-tipped needle hits you.
You are more poisoned.
You have difficulty breathing.
* * * LOW HITPOINT WARNING * * *
You feel as though you will be slow longer.
The hungry ghost hits you.
You feel somewhat more hungry.
You see here 2 curare-tipped needles.
* * * LOW HITPOINT WARNING * * *
You feel extremely sick.
Sonja shoots a curare-tipped needle.
The curare-tipped needle hits you.
You are more poisoned.
You have difficulty breathing.
* * * LOW HITPOINT WARNING * * *
You feel as though you will be slow longer.
You see here a curare-tipped needle.
Unknown command.
Unknown command.
Drink which item? (? for menu, Esc to quit)
Okay, then.
You die... #P.P..†...#####..##.## #.......#.# #......) PP..

#P...P#.#..# #..#.[#)
....P####.P...#.##.#
#..#.##. .P.P.P.P...P..#.#
.. #..#.##.
#P..P.....P.†...# #.#
#....... #....P.PPP......#
.# #.....##
#P...P.P.P..)..###........##
#..........@.#............
#.......(...........##..
##...††W..#.#####.## #..
##...†(...#.# #. #...
#....)))....# ##
#.............##
...#..........#
...##..........# ...
#>.........K.


You could see a hungry ghost.

Vanquished Creatures
  Erolcha (D:8)
  A hill giant (D:10)
  A deep elf mage (D:9)
  3 trolls
  6 yaks (D:10)
  A hungry ghost (D:10)
  A sky beast (D:9)
  3 orc warriors
  2 centaurs
  An ogre (D:4)
  3 gnoll sergeants (D:9)
  2 giant frogs
  4 killer bees (D:9)
  A gnoll shaman (D:9)
  A giant frog zombie (D:9)
  3 orc priests
  A jelly (D:10)
  4 hounds
  5 orc wizards
  A worker ant (D:8)
  A hound skeleton (D:10)
  An adder (D:9)
  10 gnolls (D:9)
  3 river rats (D:10)
  A shadow imp (D:6)
  A worm (D:5)
  A giant gecko (D:8)
  34 orcs
  6 bats (D:10)
  A giant cockroach (D:4)
  6 goblins
  9 hobgoblins
  2 jackals (D:9)
  3 kobolds (D:5)
  11 rats
135 creatures vanquished.

Notes
Turn   | Place    | Note
--------------------------------------------------------------
     0 | D:1      | 4thArraOfDagon the Hill Orc Berserker began the quest for the Orb.
     0 | D:1      | Reached XP level 1. HP: 19/19 MP: 1/1
   105 | D:3      | Reached XP level 2. HP: 27/27 MP: 2/2
   252 | D:5      | Entered Level 5 of the Dungeon
   271 | D:5      | Reached XP level 3. HP: 20/33 MP: 3/3
   330 | D:5      | Reached skill level 5 in Axes
   331 | D:5      | Reached ** piety under Trog
   504 | D:5      | Noticed a centaur
   522 | D:5      | Killed a centaur
   522 | D:5      | Reached skill level 6 in Axes
   522 | D:5      | Reached XP level 4. HP: 40/41 MP: 4/4
   522 | D:5      | Reached XP level 5. HP: 45/47 MP: 5/5
   551 | D:4      | Noticed an ogre
   558 | D:4      | Killed an ogre
   558 | D:4      | Reached skill level 5 in Fighting
   558 | D:4      | Reached XP level 6. HP: 52/56 MP: 6/6
   583 | D:4      | Reached skill level 7 in Axes
   596 | D:4      | Found a glowing silver altar of Zin.
   639 | D:5      | Gained mutation: Potions and wands are less effective at restoring your health. [potion of mutation]
   639 | D:5      | Gained mutation: You are partially covered in rugged brown scales (AC +1, +3% HP). [potion of mutation]
   639 | D:5      | Gained mutation: Your spells are a little harder to cast, but a little more powerful. [potion of mutation]
   817 | D:6      | Reached XP level 7. HP: 44/63 MP: 7/7
   851 | D:6      | Found a staircase to the Ecumenical Temple.
   854 | D:6      | Noticed 4thArraOfDagon's ghost (novice OgHu)
   914 | D:8      | Noticed Erolcha
   934 | D:8      | Killed Erolcha
   934 | D:8      | Reached skill level 9 in Axes
   934 | D:8      | Reached skill level 5 in Armour
   934 | D:8      | Reached XP level 8. HP: 73/73 MP: 8/8
   999 | D:8      | Reached skill level 10 in Axes
  1043 | D:9      | Noticed a troll
  1058 | D:9      | Killed a troll
  1100 | D:9      | Reached skill level 11 in Axes
  1100 | D:9      | Reached XP level 9. HP: 38/82 MP: 9/9
  1167 | D:9      | Noticed a deep elf mage
  1180 | D:9      | Killed a deep elf mage
  1224 | D:9      | Reached skill level 12 in Axes
  1391 | D:10     | Entered Level 10 of the Dungeon
  1450 | D:10     | Reached XP level 10. HP: 42/93 MP: 10/10
  1481 | D:10     | Reached skill level 13 in Axes
  1559 | D:9      | Found a sparkling altar of Nemelex Xobeh.
  1584 | D:10     | Reached *** piety under Trog
  1607 | D:10     | Noticed a hill giant
  1614 | D:10     | Killed a hill giant
  1621 | D:10     | Noticed Sonja
  1630 | D:10     | Succumbed to Sonja's curare-tipped needle

Vault maps used:
D:1:      erik_arrival_orb_chamber, serial_bayou_lagoon_a
D:3:      first_bread
D:4:      lemuel_crystal_altar, hangedman_ru_absence, zin_statuary, uniq_duvessa
D:5:      corexii_shack_village
D:6:      minmay_temple_entry_statues_fountains, basic_altar, uniq_edmund,
          uniq_menkaure, uniq_grinder
D:7:      uniq_pikel
D:8:      hangedman_ranch, uniq_erolcha
D:9:      nemelex_xobeh_ov_fountains_minmay, serial_gnoll_camp,
          gnoll_camp_mini_hut, gnoll_camp_medium_01, gnoll_camp_huts_basic,
          gnoll_camp_mini_house, minivault_11, nemelex_dance_club_becter
D:10:     grunt_lair_entry_elf_guard_hut, uniq_sonja

Action                   |  1- 3 |  4- 6 |  7- 9 | 10-12 || total
-------------------------+-------+-------+-------+-------++-------
Melee: Hand axe          |    59 |    66 |   182 |    11 ||   318
       War axe           |       |       |       |    31 ||    31
Invok: Berserk           |     2 |     2 |     6 |     2 ||    12
       Trog's Hand       |       |     2 |    13 |     3 ||    18
       Burn Spellbooks   |       |       |     1 |       ||     1
  Use: Scroll            |     2 |       |       |       ||     2
       Potion            |       |     1 |     3 |       ||     4
  Eat: Chunk             |       |     4 |    14 |     4 ||    22
       Pizza             |       |       |     1 |       ||     1
       Fruit             |       |       |     1 |       ||     1
